 Dungeon Crawl Stone Soup version 0.21.0-3-g78d12a8 (webtiles) character file.

675 quantumfuzzball the Cudgeler (level 7, -4/44 HPs)
             Began as a Gargoyle Fighter on Jan 15, 2018.
             Slain by a quokka (5 damage)
             ... on level 6 of the Dungeon.
             The game lasted 00:14:11 (5959 turns).

quantumfuzzball the Cudgeler (Gargoyle Fighter)     Turns: 5959, Time: 00:14:12

Health: -4/44      AC:  1    Str: 26    XL:     7   Next: 59%
Magic:  8/8        EV: 10    Int:  9    God:
Gold:   209        SH:  6    Dex:  9    Spells: 6/6 levels left

rFire    . . .     SeeInvis .   a - +0 flail
rCold    . . .     Gourm    .   g - +2 buckler
rNeg     + . .     Faith    .   b - +0 scale mail
rPois    ∞         Spirit   .   n - +0 helmet
rElec    +         Reflect  .   (no cloak)
rCorr    .         Harm     .   (no gloves)
MR       .....                  (no boots)
Stlth    ..........             (no amulet)
HPRegen  0.14/turn              s - ring of poison resistance
MPRegen  0.11/turn              (no ring)

@: mighty, corroded
A: negative energy resistance 1, electricity resistance, unbreathing,
petrification resistance, rot immunity, AC +4
a: no special abilities


You were on level 6 of the Dungeon.
You were not hungry.

You visited 1 branch of the dungeon, and saw 6 of its levels.

You collected 209 gold pieces.

Inventory:

Hand Weapons
 a - a +0 flail (weapon)
 t - a +1 spear of piercing
Armour
 b - a +0 scale mail (worn)
 c - a +0 shield
 e - a +1 hat
 g - a +2 buckler (worn)
 n - a +0 helmet (worn)
Jewellery
 s - a ring of poison resistance (left hand)
 v - an uncursed ring of magical power {unknown}
Wands
 q - a wand of disintegration (6)
Scrolls
 h - 2 scrolls of amnesia {unknown}
 j - 3 scrolls of random uselessness
 m - a scroll of blinking
 o - 5 scrolls of identify
 p - a scroll of remove curse
 r - 2 scrolls of immolation {unknown}
 w - a scroll of fog
Potions
 i - 5 potions of heal wounds {unknown}
 k - 2 potions of degeneration
 l - 4 potions of curing
 u - a potion of cancellation {unknown}
Comestibles
 f - 6 rations


   Skills:
 + Level 5.0 Fighting
 * Level 5.1 Maces & Flails
 + Level 5.0 Armour
 + Level 5.0 Shields
 + Level 1.5 Evocations


You had 6 spell levels left.
You didn't know any spells.

Dungeon Overview and Level Annotations

Branches:
Dungeon (6/15)
 Temple: D:4-7

Altars:
Hepliaklqana
Makhleb
Qazlal

Annotations:
D:5 shmeve's ghost, amateur FeBe


Innate Abilities, Weirdness & Mutations

You are resistant to torment.
Your stone body is resilient. (AC +4)
You are immune to poison.
You resist negative energy. (rN+)
You are resistant to electric shocks. (rElec)
You can survive without breathing.
You are immune to petrification.
You are immune to rotting.


Message History

You closely miss the quokka. The quokka bites you.
* * * LOW HITPOINT WARNING * * *
You hit the quokka.
The quokka is almost dead.
The quokka closely misses you. You block the quokka's attack.
You hit the quokka but do no damage.
The quokka is almost dead.
The quokka barely misses you.
You closely miss the quokka.
The quokka is almost dead.
The quokka closely misses you.
You barely miss the quokka.
The quokka is almost dead.
The quokka bites you.
* * * LOW HITPOINT WARNING * * *
The quokka barely misses you.
You completely miss the quokka.
The quokka is severely wounded.
The quokka bites you.
You die...

. #. ###.## ###
......### ..#
..)...#.. #.#
........## #.#
........$###<# .
..........##.####...
..%...##r@....<....#
..... ##.##........
.... #.#.........
.## #...........
###.........
..........
##.........
##........ ###......


You could see a quokka.

Vanquished Creatures
  A sky beast (D:4)
  A scorpion (D:4)
  A crimson imp (D:4)
  A bullfrog zombie (D:5)
  A jelly (D:6)
  An orc priest (D:5)
  A hound (D:4)
  An orc wizard (D:5)
  2 iguanas
  3 worker ants (D:4)
  11 adders
  An ooze (D:3)
  An adder skeleton (D:4)
  3 worms
  6 dart slugs
  3 leopard geckos
  5 orcs
  2 giant cockroaches
  4 goblins
  12 hobgoblins
  13 jackals
  4 kobolds
  6 quokkas
  11 bats
  7 frilled lizards
  11 rats
113 creatures vanquished.

Notes
Turn   | Place    | Note
-------+----------+-------------------------------------------
     0 | D:1      | quantumfuzzball the Gargoyle Fighter began the quest for the Orb.
     0 | D:1      | Reached XP level 1. HP: 14/14 MP: 1/1
    70 | D:1      | Reached XP level 2. HP: 4/19 MP: 2/2
   593 | D:1      | Reached XP level 3. HP: 23/23 MP: 3/3
  1162 | D:2      | Found a hazy altar of Hepliaklqana.
  1162 | D:2      | Found a stormy altar of Qazlal.
  1163 | D:2      | Found a burning altar of Makhleb.
  1403 | D:2      | Reached XP level 4. HP: 16/29 MP: 4/4
  1838 | D:2      | Found a faded altar of an unknown god.
  2387 | D:3      | Reached XP level 5. HP: 19/33 MP: 5/5
  3479 | D:4      | Reached XP level 6. HP: 20/39 MP: 6/6
  4501 | D:5      | Entered Level 5 of the Dungeon
  4504 | D:5      | Reached skill level 1 in Evocations
  4504 | D:5      | Reached XP level 7. HP: 44/44 MP: 7/7
  4505 | D:5      | Noticed shmeve's ghost (amateur FeBe)
  5109 | D:4      | Reached skill level 5 in Fighting
  5109 | D:4      | Reached skill level 5 in Maces & Flails
  5109 | D:4      | Reached skill level 5 in Armour
  5109 | D:4      | Reached skill level 5 in Shields
  5954 | D:6      | HP: 2/44 [quokka (5)]
  5959 | D:6      | Slain by a quokka

Skill      XL: |  1  2  3  4  5  6  7 |
---------------+----------------------+-----
Maces & Flails | 3 4 5 |  5.1
Fighting       | 4 5 |  5.0
Shields        | 4 5 |  5.0
Armour         | 4 5 |  5.0
Evocations     | 1 |  1.5

Action                   |  1- 3 |  4- 6 |  7- 9 || total
-------------------------+-------+-------+-------++-------
Melee: Flail             |   178 |   327 |    93 ||   598
  Use: Scroll            |       |     6 |       ||     6
       Potion            |       |     5 |     2 ||     7
  Eat: Chunk             |     2 |    10 |     3 ||    15
       Ration            |       |       |     1 ||     1
Armor: Scale mail        |   104 |   176 |    46 ||   326
Dodge: Dodged            |    77 |   175 |    43 ||   295
Block: Shield            |    85 |       |       ||    85
       Buckler           |    23 |   113 |    31 ||   167
